 Dungeon Crawl Stone Soup version 0.18.1-5-g4a78601 (webtiles) character file.

140 Chiseanne the Skirmisher (level 5, -12/44 HPs)
             Began as a Formicid Ice Elementalist on May 10, 2016.
             Killed by divine providence
             ... invoked by an orc priest
              (13 damage)
             ... on level 3 of the Dungeon.
             The game lasted 00:06:49 (2840 turns).

Chiseanne the Skirmisher (FoIE)                     Turns: 2840, Time: 00:06:50

Health: -12/44     AC:  8    Str: 13    XL:     5   Next: 46%
Magic:  8/8        EV:  6    Int: 14    God:
Gold:   112        SH:  0    Dex: 12    Spells: 0 memorised, 8 levels left

rFire  . . .     SeeInvis +     a - +0 short sword
rCold  . . .     Gourm    .     l - +0 chain mail
rNeg   . . .     Faith    .     (no shield)
rPois  .         Spirit   .     (helmet unavailable)
rElec  .         Dismiss  .     (no cloak)
rCorr  .         Reflect  .     (no gloves)
SustAt .         Harm     .     (no boots)
MR     .....                    (no amulet)
Stlth  ..........               (no ring)
                                (no ring)

@: drained, not resistant to hostile enchantments, extremely unstealthy
A: permanent stasis, dig shafts and tunnels, four strong arms, antennae 3
a: Dig, Shaft Self


You were on level 3 of the Dungeon.
You were not hungry.

You visited 1 branch of the dungeon, and saw 3 of its levels.

You collected 112 gold pieces.

Inventory:

Hand Weapons
 a - a +0 short sword (weapon)
 e - a +0 hunting sling
 o - a +0 mace
 w - a +0 blowgun
Missiles
 h - 52 stones (quivered)
 j - 29 sling bullets
 k - 24 arrows
 q - 14 poisoned needles
Armour
 l - a +0 chain mail (worn)
Jewellery
 i - an uncursed amulet of the gourmand {unknown}
Scrolls
 n - a scroll of enchant armour
Books
 b - a book of Frost

   Spells                             Type                      Level
   a - Freeze                         Ice                          1
   b - Throw Frost                    Conjuration/Ice              2
   c - Ozocubu's Armour               Charms/Ice                   3
   d - Throw Icicle                   Conjuration/Ice              4
   e - Summon Ice Beast               Ice/Summoning                4
Comestibles
 c - a bread ration
 g - a beef jerky


   Skills:
 * Level 5.1(4.9) Fighting
 - Level 1.7(1.5) Dodging
 - Level 2.4(2.1) Stealth
 - Level 2.1(1.9) Spellcasting
   Level 0.8(0.6) Conjurations
   Level 3.0(2.7) Ice Magic


You had 8 spell levels left.
You didn't know any spells.

Dungeon Overview and Level Annotations

Branches:
Dungeon (2/15)

Altars:
Trog


Innate Abilities, Weirdness & Mutations

You are under a permanent stasis effect.
You can dig through walls and to a lower floor.
Your four strong arms can wield two-handed weapons with a shield.
You have a pair of large antennae on your head (SInv).


Message History

* * * LOW HITPOINT WARNING * * *
The orc barely misses you.
You aren't carrying any potions.
Unknown command.
Read which item? (? for menu, Esc to quit)
As you read the scroll labeled ANUYPO XYWOKH, it crumbles to dust.
It is a scroll of recharging.
You aren't carrying any rechargeable items.
The orc priest barely misses you.
You aren't carrying any potions.
Unknown command.
Read which item? (? for menu, Esc to quit)
As you read the scroll labeled FIUSHRA KOUDWID, it crumbles to dust.
The scroll dissolves into smoke.
It was a scroll of fog.
The orc closely misses you. The orc priest closely misses you.
You hit the orc priest.
The orc priest is heavily wounded.
The orc priest calls down the wrath of Beogh upon you.
Beogh smites you!
You die...

.... #.# #..#.. .....
#.# #..#.#
......####.###..#.####
.....o................
########o#.######.####
#########.#.# #.#
#....§§##.#.#### #.#
#oo#.#..... ..#
#@#....# ### #§####.#
§.§ ..# # { .#.## # .
#.#.# # # #.# #.# ...


You could see an orc priest and an orc.

Vanquished Creatures
  An orc priest (D:3)
  3 gnolls (D:2)
  3 adders (D:2)
  3 worms (D:2)
  A dart slug (D:1)
  A giant gecko (D:1)
  2 ball pythons (D:1)
  5 bats
  A giant cockroach (D:1)
  8 goblins
  A hobgoblin (D:1)
  A quokka (D:2)
  5 giant newts
  7 kobolds
  6 rats
48 creatures vanquished.

Notes
Turn   | Place    | Note
--------------------------------------------------------------
     0 | D:1      | Chiseanne the Formicid Ice Elementalist began the quest for the Orb.
     0 | D:1      | Reached XP level 1. HP: 13/13 MP: 3/3
     6 | D:1      | Noticed a polar bear
     6 | D:1      | Noticed a salamander
     6 | D:1      | Noticed a redback
    63 | D:1      | Reached skill level 1 in Fighting
   371 | D:1      | Reached XP level 2. HP: 21/21 MP: 3/5
   462 | D:1      | Reached skill level 2 in Fighting
   743 | D:1      | Reached XP level 3. HP: 26/28 MP: 4/6
  1384 | D:2      | Reached skill level 3 in Fighting
  1627 | D:2      | Found a bloodstained altar of Trog.
  1690 | D:2      | Reached XP level 4. HP: 30/35 MP: 7/7
  1841 | D:1      | Reached skill level 4 in Fighting
  2271 | D:2      | Reached XP level 5. HP: 11/43 MP: 8/8
  2589 | D:2      | Noticed an ice beast
  2596 | D:2      | You fall through a shaft!
  2833 | D:3      | Reached skill level 5 in Fighting
  2837 | D:3      | HP: 1/44 [orc priest (4)]
  2840 | D:3      | Killed from afar by an orc priest

Skill      XL: |  1  2  3  4  5 |
---------------+----------------+-----
Fighting       | 1 2 3 4 5 |  5.1
Dodging        | |  1.7
Stealth        | |  2.4
Spellcasting   | |  2.1
Conjurations   | |  0.8
Ice Magic      | |  3.0

Action                   |  1- 3 |  4- 6 || total
-------------------------+-------+-------++-------
Melee: Unarmed           |     8 |       ||     8
       Club              |    78 |       ||    78
       Short sword       |    32 |    91 ||   123
 Fire: Hunting sling     |     1 |    30 ||    31
Throw: Stone             |       |     1 ||     1
 Cast: Freeze            |    15 |       ||    15
 Abil: Dig               |       |     1 ||     1
       Shaft Self        |       |     1 ||     1
  Use: Scroll            |     4 |     3 ||     7
       Potion            |       |     4 ||     4
 Stab: Invisible         |       |     2 ||     2
  Eat: Chunk             |     3 |     4 ||     7
Armor: Robe              |    12 |       ||    12
       Chain mail        |    41 |    33 ||    74
       Leather armour    |     3 |       ||     3
       Skin              |       |    40 ||    40
Dodge: Dodged            |    61 |    25 ||    86
